 Dungeon Crawl Stone Soup version 0.30-a0-799-g109b55a442 (webtiles) character file.

Game seed: 532383435190800818

23 Newt the Shooter (level 3, -1/24 HPs)
             Began as a Kobold Hunter on Feb 20, 2023.
             Slain by Sigmund
             ... wielding a +0 scythe
              (7 damage)
             ... on level 2 of the Dungeon.
             The game lasted 00:00:49 (1067 turns).

Newt the Shooter (Kobold Hunter)                    Turns: 1067, Time: 00:00:49

Health: -1/24      AC:  4    Str:  6 (8)  XL:     3   Next: 12%
Magic:  3/3        EV: 11    Int:  7 (10) God:
Gold:   35         SH:  0    Dex: 18 (20) Spells: 2/2 levels left

rFire   . . .      SeeInvis .    a - +0 shortbow
rCold   . . .      Faith    .    (shield currently unavailable)
rNeg    . . .      Spirit   .    c - +0 leather armour
rPois   .          Reflect  .    (no helmet)
rElec   .          Harm     .    (no cloak)
rCorr   .          Rampage  .    (no gloves)
Will    .....                    f - +0 pair of boots
Stlth   +++                      (no amulet)
HPRegen 0.24/turn                (no ring)
MPRegen 0.08/turn                (no ring)

@: grasped by roots, constricted
A: small, no large weapons, nightstalker 3
a: no special abilities


You were on level 2 of the Dungeon.
You visited 1 branch of the dungeon, and saw 2 of its levels.

You collected 35 gold pieces.

Inventory:

Hand Weapons
 a - a +0 shortbow (weapon)
Missiles
 g - 2 silver javelins
Armour
 c - a +0 leather armour (worn)
 f - a +0 pair of boots (worn)
Scrolls
 b - a scroll of immolation
Potions
 d - a potion of degeneration
 e - a potion of mutation {unknown}
 h - a potion of cancellation {unknown}
 i - 2 potions of might {unknown}
 j - 2 potions of heal wounds {unknown}
 l - 2 potions of attraction {unknown}


   Skills:
 + Level 3.7 Fighting
 - Level 5.3 Ranged Weapons
 - Level 2.4 Dodging
 - Level 1.3 Stealth


You had 2 spell levels left.
You didn't know any spells.
Your spell library was empty.

Dungeon Overview and Level Annotations

Branches:
Dungeon (2/15)

Altars:

Annotations:
D:2 Sigmund


Innate Abilities, Weirdness & Mutations

You are small and have problems with some larger weapons.
You are completely attuned to the shadows.


Message History

The kobold shouts!
You shoot an arrow.
The arrow hits the kobold but does no damage.
You shoot an arrow. The arrow barely misses the kobold.
The kobold closely misses you. The kobold hits you but does no damage.
You shoot an arrow.
The arrow hits the kobold but does no damage.
The kobold barely misses you.
You shoot an arrow. The arrow closely misses the kobold.
The kobold hits you with a +0 dagger.
You shoot an arrow. The arrow hits the kobold!
You kill the kobold!
No target in view!
HP restored.
You now have 35 gold pieces (gained 13).
Things that are here:
a +0 dagger; a kobold corpse
Found a stone staircase leading down.
Sigmund the Dreaded comes into view.
He is wielding a +0 scythe and carrying a wand of roots (8).
You shoot an arrow. The arrow hits Sigmund.
Sigmund shouts!
Sigmund is lightly wounded.
Sigmund zaps a wand.
The roots erupt in riotous growth!
The grasping roots grab you! The grasping roots constrict you. x2
You shoot an arrow. The arrow completely misses Sigmund.
Sigmund hits you from afar with a +0 scythe.
The grasping roots constrict you!
* * * LOW HITPOINT WARNING * * *
You are too injured to fight recklessly!
You are too injured to fight recklessly!
You are too injured to fight recklessly!
You are too injured to fight recklessly!
You are too injured to fight recklessly!
Unknown command.
It was a potion of degeneration.
There was something very wrong with that liquid.
You feel weakened.
You feel dopey.
You feel clumsy.
Sigmund hits you from afar with a +0 scythe!
You die...

*,* ***,,*#..# ***,* ** *,*
**,*#..# *,* *, *,* *,,#..#
*,*****, *,* *#.#..##
**,,,,,,, *,* #.....#
**.,,,,**, ****,*
##..#.###..***,,,, *,,,,***
#........#* **,**
*,,,,,,**#####..##.#.##* *,,,
*,,,,*,,,....@..##.....****,,,
****,***,....#.........,,,,,,,
*,* *,...@##.####>..,,**,,,
*,* *,....*#.# *#..,****,, *,*
**#.##*#.# *..,****,, *,* *,**
#.# **,,,*,,,,* *,* *,,* #.#
**,,,,,,,,,* *,*
**,***,***,,,,,,,,,,, *,*
*,,,,,,*,,,,,,,,,,**


You could see Sigmund.

Vanquished Creatures
  An endoplasm (D:1)
  5 goblins
  3 hobgoblins (D:1)
  5 kobolds
  A ball python (D:2)
  A bat (D:2)
  4 frilled lizards
  3 rats (D:1)
23 creatures vanquished.

Notes
Turn   | Place    | Note
-------+----------+-------------------------------------------
     0 | D:1      | Newt the Kobold Hunter began the quest for the Orb.
     0 | D:1      | Reached XP level 1. HP: 12/12 MP: 1/1
   104 | D:1      | Reached XP level 2. HP: 18/18 MP: 2/2
   969 | D:2      | Reached XP level 3. HP: 23/23 MP: 3/3
  1064 | D:2      | Noticed Sigmund
  1067 | D:2      | Slain by Sigmund

Illustrated notes

Levels and vault maps discovered:
D:1:      matt_arrival_refuge, layout_basic, chequers_serial_rivers_micro_c
D:2:      layout_rooms, uniq_sigmund

Skill      XL: |  1  2 |
---------------+-------+-----
Fighting       | 3 |  3.7
Ranged Weapons | |  5.3
Dodging        | |  2.4
Stealth        | |  1.3

Action                     || total
---------------------------++-------
   Fire: Shortbow          ||    58
    Use: Scroll            ||     1
         Potion            ||     1
 Armour: Leather armour    ||     5
  Dodge: Dodged            ||    14

Table legend: (Time is in decaauts)
 A = Elapsed time spent in this place.
 B = Non-inter-level travel time spent in this place.
 C = Inter-level travel time spent in this place.
 D = Time resting spent in this place.
 E = Time spent auto-exploring this place.
 F = Levels seen in this place.
 G = Mean time per level.
                   A        B        C        D        E       F      G
               +--------+--------+--------+--------+--------+-----+--------+
         Total |   1082 |   1080 |      2 |      0 |    940 |   2 |  541.0 |
       Dungeon |   1082 |   1080 |      2 |      0 |    940 |   2 |  541.0 |
               +--------+--------+--------+--------+--------+-----+--------+

Top non-repeatable levels by time:
     D:1: 953 daAuts
     D:2: 129 daAuts
